 Dungeon Crawl Stone Soup version 0.21.0-3-g78d12a8 (webtiles) character file.

252 namelastname112 the Sneak (level 6, -1/47 HPs)
             Began as a Human Assassin on Jan 12, 2018.
             Was an Initiate of Ru.
             Succumbed to a worker ant's poison
             ... on level 4 of the Dungeon.
             The game lasted 00:05:29 (3551 turns).

namelastname112 the Sneak (Human Assassin)          Turns: 3551, Time: 00:05:30

Health: -1/47      AC:  6    Str: 11    XL:     6   Next: 36%
Magic:  6/6        EV: 13    Int: 13    God:    Ru [......]
Gold:   127        SH:  0    Dex: 17    Spells: 3/6 levels left

rFire    . . .     SeeInvis +   h - +1 short sword (elec)
rCold    . . .     Gourm    .   (no shield)
rNeg     . . .     Faith    .   c - +0 robe
rPois    .         Spirit   .   m - +1 hat {SInv}
rElec    .         Reflect  .   d - +0 cloak
rCorr    .         Harm     .   (no gloves)
MR       .....                  (no boots)
Stlth    +++.......             (no amulet)
HPRegen  0.15/turn              (no ring)
MPRegen  0.10/turn              (no ring)

@: lethally poisoned (-1 -> -23)
A: molten scales 1, clever 1, low mp 1, wild magic 1
a: Renounce Religion


You were on level 4 of the Dungeon.
You worshipped Ru.
Ru was noncommittal.
You were not hungry.

You visited 1 branch of the dungeon, and saw 4 of its levels.

You collected 127 gold pieces.

Inventory:

Hand Weapons
 b - a +0 blowgun
 h - a +1 short sword of electrocution (weapon)
Missiles
 e - 37 poisoned needles
 f - 2 curare-tipped needles
Armour
 c - a +0 robe (worn)
 d - a +0 cloak (worn)
 m - a +1 hat of see invisible (worn)
Jewellery
 n - an uncursed ring of ice
Scrolls
 i - a scroll of blinking {unknown}
 k - 2 scrolls of enchant armour {unknown}
 l - a scroll of teleportation {unknown}
 p - a scroll of amnesia {unknown}
 q - 3 scrolls of remove curse {unknown}
 r - 2 scrolls of magic mapping {unknown}
 s - a scroll of enchant weapon {unknown}
Books
 o - a book of Misfortune

   Spells                             Type                      Level
   a - Confusing Touch                Hexes                        1
   b - Confuse                        Hexes                        3
   c - Gell's Gravitas                Translocation                3
   d - Petrify                        Transmutation/Earth          4
   e - Metabolic Englaciation         Hexes/Ice                    5
   f - Yara's Violent Unravelling     Hexes/Transmutation          5
Comestibles
 g - 6 rations
 t - a chunk of flesh


   Skills:
 + Level 3.1 Fighting
 + Level 3.2 Short Blades
 - Level 2.9 Throwing
 + Level 2.6 Dodging
 + Level 4.9 Stealth
 + Level 0.9 Spellcasting
 + Level 1.0 Hexes


You had 3 spell levels left.
You knew the following spells:

 Your Spells              Type           Power        Failure   Level  Hunger
x - Confuse               Hex            #.......     58%         3    ####...


Dungeon Overview and Level Annotations

Branches:
Dungeon (4/15)
 Temple: D:4-7

Altars:
Ashenzari
Ru


Innate Abilities, Weirdness & Mutations

You are partially covered in molten scales. (AC +2)
Your mind is acute. (Int +2)
Your magical capacity is low. (-10% MP)
Your spells are a little harder to cast, but a little more powerful.


Message History

You no longer feel cold resistant.
You no longer feel heat resistant.
You feel clever.
Molten scales grow over part of your body.
You feel less in control of your magic.
* * * LOW HITPOINT WARNING * * *
You feel sick. The worker ant barely misses you.
You take 2 damage, and have 7/47 hp.
Unknown command.
Unknown command.
* * * LOW HITPOINT WARNING * * *
You feel sick.
You take 2 damage, and have 5/47 hp.
Okay, then.
* * * LOW HITPOINT WARNING * * *
You feel sick.
You take 2 damage, and have 3/47 hp.
* * * LOW HITPOINT WARNING * * *
You feel sick.
You take 2 damage, and have 1/47 hp.
You die...

.#..........#...#
.#.###......#...#
.#.###.....##..†##
....##...........#
........#####..#.#
#...###.# #..#.##
##.## #.#
#...a.####.# ##.#
#.#####..........#
...#
#.........@.######
.### #######..#.##
.# #<.#.# .#
#..#.# .#
##########..#.#
.###...........#.#
.....#########.#.#
).#### #.#.# #.#
.#.#


You could see a worker ant.

Vanquished Creatures
  2 hounds (D:4)
  An iguana (D:4)
  A howler monkey skeleton (D:4)
  8 adders
  2 oozes (D:2)
  An adder skeleton (D:4)
  2 worms
  2 dart slugs (D:2)
  A leopard gecko (D:2)
  An orc (D:4)
  8 bats
  9 giant cockroaches
  6 goblins
  2 hobgoblins
  2 jackals (D:3)
  7 kobolds
  2 quokkas (D:4)
  8 frilled lizards
  6 rats
71 creatures vanquished.

Notes
Turn   | Place    | Note
-------+----------+-------------------------------------------
     0 | D:1      | namelastname112 the Human Assassin began the quest for the Orb.
     0 | D:1      | Reached XP level 1. HP: 16/16 MP: 1/1
   578 | D:1      | Reached XP level 2. HP: 20/22 MP: 2/2
  1221 | D:2      | Reached XP level 3. HP: 27/27 MP: 3/3
  1226 | D:2      | epen: https://2ch.hk/b/src/168575021/15157111241890.jpg
  1645 | D:2      | Reached XP level 4. HP: 32/34 MP: 4/4
  2163 | D:3      | HP: 1/34 [poisoned by an adder]
  2524 | D:3      | Reached XP level 5. HP: 31/39 MP: 5/5
  2525 | D:3      | epen: https://2ch.hk/b/src/168575021/15157114024110.jpg
  2652 | D:3      | epen: https://2ch.hk/b/src/168575021/15157114024122.webm
  2942 | D:3      | Found a shattered altar of Ashenzari.
  2968 | D:3      | Learned a level 3 spell: Confuse
  2968 | D:3      | epen: https://2ch.hk/b/src/168575021/15157115109980.jpg
  3101 | D:3      | epen: https://2ch.hk/b/src/168575021/15157115109992.jpg
  3117 | D:3      | Found a sacrificial altar of Ru.
  3251 | D:3      | Became a worshipper of Ru the Awakened
  3457 | D:4      | Reached XP level 6. HP: 47/47 MP: 6/6
  3495 | D:4      | Reached skill level 1 in Hexes
  3542 | D:4      | Gained mutation: You are weak. (Str -2) [potion of mutation]
  3542 | D:4      | Gained mutation: You possess an exceptional clarity of mind. [potion of mutation]
  3546 | D:4      | Lost mutation: You possess an exceptional clarity of mind. [potion of mutation]
  3546 | D:4      | Lost mutation: You are weak. (Str -2) [potion of mutation]
  3546 | D:4      | Gained mutation: Your flesh is cold resistant. (rC+) [potion of mutation]
  3546 | D:4      | Gained mutation: Your magical capacity is low. (-10% MP) [potion of mutation]
  3546 | D:4      | Gained mutation: Your flesh is heat resistant. (rF+) [potion of mutation]
  3547 | D:4      | Lost mutation: Your flesh is cold resistant. (rC+) [potion of mutation]
  3547 | D:4      | Lost mutation: Your flesh is heat resistant. (rF+) [potion of mutation]
  3547 | D:4      | Gained mutation: Your mind is acute. (Int +2) [potion of mutation]
  3547 | D:4      | Gained mutation: You are partially covered in molten scales. (AC +2) [potion of mutation]
  3547 | D:4      | Gained mutation: Your spells are a little harder to cast, but a little more powerful. [potion of mutation]
  3550 | D:4      | HP: 1/47 [poisoned by a worker ant]
  3551 | D:4      | Succumbed to a worker ant's poison

Skill      XL: |  1  2  3  4  5  6 |
---------------+-------------------+-----
Dodging        | 2 |  2.6
Short Blades   | 3 |  3.2
Fighting       | 3 |  3.1
Hexes          | 1 |  1.0
Throwing       | |  2.9
Stealth        | |  4.9
Spellcasting   | |  0.9

Action                   |  1- 3 |  4- 6 || total
-------------------------+-------+-------++-------
Melee: Dagger            |   100 |    57 ||   157
       Short sword       |       |   102 ||   102
 Fire: Blowgun           |       |     9 ||     9
  Use: Potion            |       |     7 ||     7
 Stab: Sleeping          |    12 |     5 ||    17
       Distracted        |       |     2 ||     2
  Eat: Chunk             |     2 |     6 ||     8
Armor: Robe              |    33 |    34 ||    67
Dodge: Dodged            |    60 |   102 ||   162
